 Dungeon Crawl Stone Soup version 0.28.0-43-g3370ac3207 (webtiles) character file.

Game seed: 16217195834810823508

193 terff the Chopper (level 5, -6/39 HPs)
             Began as a Demonspawn Gladiator on Mar 19, 2022.
             Mangled by Menkaure (20 damage)
             ... on level 4 of the Dungeon.
             The game lasted 00:13:13 (2366 turns).

terff the Chopper (Demonspawn Gladiator)            Turns: 2366, Time: 00:13:14

Health: -6/39      AC:  8    Str: 12 (14) XL:     5   Next: 43%
Magic:  5/5        EV: 13    Int:  7      God:
Gold:   110        SH:  0    Dex: 32      Spells: 4/4 levels left

rFire   x . .      SeeInvis .   a - +0 war axe
rCold   + . .      Faith    .   (no shield)
rNeg    . . .      Spirit   .   o - +0 ring mail
rPois   +          Reflect  .   c - +1 helmet
rElec   .          Harm     .   (no cloak)
rCorr   .          Rampage  .   (no gloves)
Will    .....                   e - +0 pair of boots
Stlth   ++........              (no amulet)
HPRegen 0.13/turn               g - ring "Jis Erghio" {rPois rF- rC+ Int-3 Dex+10}
MPRegen 0.09/turn               h - +6 ring of dexterity

@: mighty
A: foul stench 1, powered by death 1
a: no special abilities


You were on level 4 of the Dungeon.
You visited 1 branch of the dungeon, and saw 4 of its levels.

You collected 192 gold pieces.
You spent 82 gold pieces at shops.

Inventory:

Hand Weapons
 a - a +0 war axe (weapon)
Missiles
 d - 3 throwing nets (quivered)
Armour
 b - a +0 leather armour
 c - a +1 helmet (worn)
 e - a +0 pair of boots (worn)
 o - a +0 ring mail (worn)
Jewellery
 g - the ring "Jis Erghio" (left hand) {rPois rF- rC+ Int-3 Dex+10}
   (You found it on level 2 of the Dungeon)

   [ring of poison resistance]

   Int:       It affects your intelligence (-3).
   Dex:       It affects your dexterity (+10).
   rF:        It makes you vulnerable to fire.
   rC:        It protects you from cold.
   rPois:     It protects you from poison.
 h - a +6 ring of dexterity (right hand)
 n - a ring of poison resistance
Scrolls
 j - a scroll of enchant armour
Potions
 f - a potion of flight {unknown}
 i - a potion of lignification {unknown}
 l - a potion of degeneration
 m - 2 potions of attraction


   Skills:
 + Level 2.7 Fighting
 + Level 4.3 Axes
 + Level 1.8 Throwing
 + Level 1.5 Armour
 + Level 3.3 Dodging
 + Level 1.2 Stealth


You had 4 spell levels left.
You didn't know any spells.
Your spell library was empty.

Dungeon Overview and Level Annotations

Branches:
Dungeon (4/15)
 Temple: D:4-7

Altars:
Kikubaaqudgha

Shops:
D:3 ?=

Annotations:
D:3 3 runed translucent doors, adizb's ghost, amateur DECj
D:4 Eustachio; Menkaure


Innate Abilities, Weirdness & Mutations

You may rarely emit foul miasma when damaged in melee.
You regenerate a little health from kills.


Message History

Menkaure gestures wildly while chanting.
Menkaure seems to speed up.
What are your orders? t - Shout!
Orders for allies: a - Attack new target. r - Retreat! s - Stop attacking. g - Guard the area. f - Follow me.
Anything else - Cancel.
Okay, then.
Eustachio drinks a potion.
Eustachio seems to speed up.
There is an open door here.
Eustachio casts a spell.
Eustachio blinks!
Eustachio mumbles some strange words.
You slash Eustachio!
Eustachio is moderately wounded.
You hit the rat. You hit the bat. The bat hits you. Eustachio misses you.
Eustachio hits you with a +0 falchion! The rat bites you.
You hit Eustachio.
Eustachio is moderately wounded.
You completely miss the rat. You hit the bat but do no damage.
The bat hits you but does no damage. Eustachio hits you but does no damage.
The rat bites you but does no damage. Eustachio misses you.
The quokka bites you but does no damage.
You hit Eustachio but do no damage.
Eustachio is moderately wounded.
You hit the rat.
You kill the rat!
The rat's corpse disappears in a puff of smoke!
You barely miss the bat. You closely miss the quokka.
The bat hits you but does no damage. The bat misses you.
Eustachio mumbles some strange words.
Eustachio blinks!
The quokka barely misses you. Eustachio hits you but does no damage.
Menkaure closely misses you.
It was a potion of might.
You feel very mighty all of a sudden. The bat barely misses you.
Eustachio misses you. The quokka closely misses you. Menkaure hits you!!
Ouch! That really hurt!
You die...

....#.....# #....#
....#.....# #....#####
....'.....+ #.........
....#.....# #.....@M..
....#.....######...##...
....#.......#.##'###
....#.......#......##
....#.......#..M@...#
....#.......#.§b@†..#
.<..#)......'..§r...#
...)#.......#.......#
....#.......#.......#
....#.......#.......#
#####.......#########
#########


You could see Eustachio (fast), Menkaure (fast), a quokka (summoned) and a bat
(summoned).

Vanquished Creatures
  A necrophage (D:3)
  5 adders
  A worm (D:2)
  2 dart slugs (D:1)
  5 ball pythons
  4 endoplasms
  2 giant cockroaches
  5 goblins
  7 hobgoblins
  5 jackals (D:3)
  2 quokkas (D:1)
  9 bats
  5 kobolds
  10 rats
63 creatures vanquished.

Vanquished Creatures (others)
  3 fungi (D:3)
  3 plants (D:3)
6 creatures vanquished.

Grand Total: 69 creatures vanquished

Notes
Turn   | Place    | Note
-------+----------+-------------------------------------------
     0 | D:1      | terff the Demonspawn Gladiator began the quest for the Orb.
     0 | D:1      | Reached XP level 1. HP: 16/16 MP: 1/1
    69 | D:1      | Reached skill level 3 in Axes
    69 | D:1      | Gained mutation: You regenerate a little health from kills.
                  | [demonic ancestry]
    69 | D:1      | Reached XP level 2. HP: 7/22 MP: 2/2
   457 | D:1      | Gained mutation: You may rarely emit foul miasma when
                  | damaged in melee. [demonic ancestry]
   457 | D:1      | Reached XP level 3. HP: 27/27 MP: 3/3
   779 | D:2      | Identified the ring "Jis Erghio" {rPois rF- rC+ Int-3
                  | Dex+10}
  1571 | D:3      | Reached XP level 4. HP: 31/34 MP: 4/4
  1573 | D:3      | Reached skill level 1 in Armour
  1593 | D:3      | Noticed adizb's ghost (amateur DECj)
  1642 | D:3      | Noticed a necrophage
  1660 | D:3      | Killed a necrophage
  1661 | D:3      | Reached skill level 4 in Axes
  1661 | D:3      | Reached skill level 1 in Stealth
  1661 | D:3      | Reached XP level 5. HP: 34/39 MP: 5/5
  1853 | D:3      | Found a runed translucent gate.
  1853 | D:3      | Found a runed translucent gate.
  1853 | D:3      | Found a runed translucent gate.
  1876 | D:3      | Found Ratret's Magic Scroll Shoppe.
  1895 | D:3      | Bought a scroll of enchant armour for 82 gold pieces
  2007 | D:3      | Found an ancient bone altar of Kikubaaqudgha.
  2167 | D:3      | Found Aghiklixaw's Jewellery Emporium.
  2176 | D:3      | Found a faded altar of an unknown god.
  2355 | D:4      | Noticed Menkaure
  2356 | D:4      | Noticed Eustachio
  2366 | D:4      | Mangled by Menkaure

Illustrated notes

Levels and vault maps discovered:
D:1:      wander_arrival_abandoned_jail, layout_basic, minmay_strange_pillars,
          minmay_tree_intersection, minmay_tromino_mix6
D:2:      layout_basic
D:3:      layout_basic, lemuel_doored_altar, gammafunk_ghost_icy, serial_shops,
          nicolae_shop_stone, shop, dreamdust_ecumenical_altar_grove,
          minmay_misc_feat_plants, minmay_pentomino_pile
D:4:      layout_gridville, dancing_weapons_uskayaw,
          nicolae_overflow_hidden_temple, minmay_temple_entry_drinking_statues,
          minmay_misc_feat_nine_boxes, minmay_misc_feat_tiny,
          kennysheep_small_square, uniq_blork_the_orc, uniq_menkaure,
          uniq_pikel, uniq_eustachio

Skill      XL: |  1  2  3  4 |
---------------+-------------+-----
Axes           | 3 4 |  4.3
Dodging        | 3 |  3.3
Armour         | 1 |  1.5
Stealth        | 1 |  1.2
Fighting       | |  2.7
Throwing       | |  1.8

Action                   |  1- 3 |  4- 6 || total
-------------------------+-------+-------++-------
Melee: War axe           |    89 |    52 ||   141
       Punch             |     1 |       ||     1
  Use: Scroll            |     5 |     2 ||     7
       Potion            |     1 |     3 ||     4
 Stab: Sleeping          |     2 |     1 ||     3
Armor: Leather armour    |    28 |    19 ||    47
       Ring mail         |       |     6 ||     6
Dodge: Dodged            |    86 |    58 ||   144
